 Dungeon Crawl Stone Soup version 0.29.0-15-g675c0067aa (webtiles) character file.

Game seed: 10646114470010979066

3331 qw the Cleaver (level 10, 0/75 HPs)
             Began as a Gargoyle Fighter on Sept 11, 2022.
             Was a Believer of Okawaru.
             Slain by a wight
             ... wielding a +4 trident of freezing
              (7 damage)
             ... on level 8 of the Dungeon.
             The game lasted 00:03:02 (8958 turns).

qw the Cleaver (Gargoyle Fighter)                   Turns: 8958, Time: 00:03:02

Health: 0/75       AC: 26    Str: 30    XL:     10   Next: 2%
Magic:  12/13      EV: 12    Int:  7    God:    Okawaru [**....]
Gold:   353        SH:  7    Dex: 19    Spells: 9/9 levels left

rFire   . . .      SeeInvis .   j - +0 morningstar
rCold   . . .      Faith    .   c - +0 buckler
rNeg    + . .      Spirit   .   k - +0 plate armour
rPois   inf        Reflect  .   o - +1 helmet
rElec   +          Harm     .   p - +0 cloak
rCorr   .          Rampage  .   (no gloves)
Will    .....                   (no boots)
Stlth   ..........              (no amulet)
HPRegen 0.22/turn               b - +6 ring of strength
MPRegen 0.13/turn               a - +6 ring of dexterity

@: heroic
A: sickness immunity, AC +7, negative energy resistance 1, electricity
resistance, torment resistance 1, petrification resistance, agile 1, robust 2,
evolution 1
a: Renounce Religion, Heroism


You were on level 8 of the Dungeon.
You worshipped Okawaru.
Okawaru was pleased with you.
You visited 2 branches of the dungeon, and saw 9 of its levels.

You collected 353 gold pieces.


Innate Abilities, Weirdness & Mutations

You are immune to sickness and miasma.
Your stone body is resilient. (AC +7)
You are immune to poison.
You resist negative energy. (rN+)
You are resistant to electric shocks. (rElec)
You are resistant to unholy torment.
You are immune to petrification.
You are agile. (Dex +4, Str/Int -1)
You are very robust. (+20% HP)
You have hidden genetic potential.


   Skills:
 - Level 7.1(12.1) Fighting
 + Level 9.5(14.5) Axes
 - Level 1.0(6.0) Throwing
 - Level 6.0(11.0) Armour
 - Level 2.3(7.3) Dodging
 - Level 4.0(9.0) Shields
 - Level 4.2 Invocations


You had 9 spell levels left.
You didn't know any spells.
Your spell library was empty.

Inventory:

Hand Weapons
 g - a +4 vorpal war axe
 j - a +0 morningstar (weapon)
Missiles
 q - 3 boomerangs (quivered)
Armour
 c - a +0 buckler (worn)
 k - a +0 plate armour (worn)
 o - a +1 helmet (worn)
 p - a +0 cloak (worn)
Jewellery
 a - a +6 ring of dexterity (right hand)
 b - a +6 ring of strength (left hand)
 Y - a ring of resist corrosion
Wands
 l - a wand of digging (9)
Scrolls
 n - 4 scrolls of identify
 r - a scroll of magic mapping {unknown}
Potions
 d - a potion of might
 e - a potion of attraction
 h - 3 potions of curing
 i - a potion of mutation
 m - a potion of cancellation

Dungeon Overview and Level Annotations

Branches:
Dungeon (8/15)             Temple (1/1) D:5
   Lair: D:8-11

Altars:
Ashenzari
Cheibriados
Dithmenos
Elyvilon
Fedhas
Gozag
Hepliaklqana
Kikubaaqudgha
Makhleb
Nemelex Xobeh
Okawaru
Qazlal
Ru
Trog
Uskayaw
Wu Jian
Yredelemnul
Zin
The Shining One

Annotations:
D:3 2 transporters, qw's ghost, weakling GrFi


Message History

The centaur warrior kicks you but does no damage.
You barely miss the centaur warrior.
The centaur warrior is heavily wounded.
You block the eight-headed hydra's attack.
The eight-headed hydra closely misses you. x2
The eight-headed hydra bites you but does no damage.
You block the eight-headed hydra's attack.
The eight-headed hydra bites you!
The eight-headed hydra barely misses you.
The eight-headed hydra closely misses you.
You block the centaur warrior's attack.
The centaur warrior kicks you but does no damage.
The wight hits you from afar with a +4 trident of freezing!
The wight freezes you.
You barely miss the centaur warrior.
The centaur warrior is heavily wounded.
You block the centaur warrior's attack.
The centaur warrior kicks you but does no damage.
The eight-headed hydra closely misses you.
The eight-headed hydra bites you but does no damage. x2
You block the eight-headed hydra's attack.
The eight-headed hydra bites you!
The eight-headed hydra bites you but does no damage.
The eight-headed hydra bites you. The eight-headed hydra bites you!
The centaur warrior hits you but does no damage.
The centaur warrior kicks you but does no damage.
The wight barely misses you.
8958 ||| DRINKING potion of heal wounds.
You feel much better.
The eight-headed hydra closely misses you.
The eight-headed hydra bites you but does no damage.
The eight-headed hydra bites you.
The eight-headed hydra bites you but does no damage.
You block the eight-headed hydra's attack.
The eight-headed hydra bites you but does no damage.
The eight-headed hydra bites you!
The eight-headed hydra bites you but does no damage.
The centaur warrior barely misses you. The centaur warrior closely misses you.
The wight hits you from afar with a +4 trident of freezing!
You die...

#.#### #.# #)#
#.# #.#
#####.#####
#.........#
#.###.###.#
###..@Dz....#
#.....c..##.#
#.#...z........
# #..#...##.###
........... #
###.........
#.###.##### #.
#'# # ...


You could see an eight-headed hydra, a centaur warrior and 2 wights.

Vanquished Creatures
  Maggie (D:7)
  Prince Ribbit (D:7)
  A wyvern (D:7)
  A steam dragon (D:7)
  2 black bears
  3 orc warriors
  2 ice beasts (D:5)
  A centaur (D:8)
  An ogre (D:6)
  A kobold brigand (D:6)
  A bullfrog (D:7)
  A necrophage (D:7)
  4 scorpions
  A wight (D:8)
  4 howler monkeys
  4 killer bees (D:8)
  3 jellies (D:5)
  4 hounds
  3 orc priests
  2 gnoll boudas (D:5)
  4 iguanas
  2 orc wizards
  Robin (D:4)
  16 gnolls
  9 adders
  2 white imps
  An ufetubus (D:7)
  A worm (D:2)
  4 dart slugs
  29 orcs
  5 bats (D:1)
  5 endoplasms
  3 giant cockroaches
  11 hobgoblins
  4 jackals (D:4)
  9 kobolds
  A quokka (D:1)
  5 ball pythons
  3 frilled lizards
  18 goblins
  3 rats
177 creatures vanquished.

Vanquished Creatures (others)
  4 fungi (D:2)
  9 plants
13 creatures vanquished.

Grand Total: 190 creatures vanquished

Notes
Turn   | Place    | Note
-------+----------+-------------------------------------------
     0 | D:1      | qw the Gargoyle Fighter began the quest for the Orb.
     0 | D:1      | Reached XP level 1. HP: 14/14 MP: 1/1
     0 | D:1      | 0 ||| qw: Version: 0.1-a-119-g272c26d
     0 | D:1      | 0 ||| qw: Game counter: 10684
     0 | D:1      | 0 ||| qw: Always use a shield: true
     0 | D:1      | 0 ||| qw: God list: Okawaru
     0 | D:1      | 0 ||| qw: Allow faded altars: false
     0 | D:1      | 0 ||| qw: Do Orc after D:15 true
     0 | D:1      | 0 ||| qw: Do second Lair branch before Depths: true
     0 | D:1      | 0 ||| qw: Lair rune preference: random
     0 | D:1      | 0 ||| qw: Plans: Normal, Zot, God:TSO, Crypt, Tomb, Pan,
                  | Slime, Hells, Zig, Abyss, Orb
     0 | D:1      | 0 ||| PLANNING D:1-11
   171 | D:1      | Reached skill level 2 in Axes
   438 | D:1      | Reached XP level 2. HP: 19/19 MP: 2/2
   613 | D:1      | Reached skill level 3 in Axes
   662 | D:1      | Reached XP level 3. HP: 23/23 MP: 3/3
   716 | D:1      | 716 ||| DROPPING +0 club.
   872 | D:1      | 872 ||| READING scroll labelled KENOSO RATOEMN.
   873 | D:1      | 873 ||| READING scroll labelled UNWOTZ WOIFIPP.
   874 | D:1      | 874 ||| READING scroll labelled FIKHLI UBBUNT.
   972 | D:2      | Found a faded altar of an unknown god.
  1075 | D:2      | Found an opulent altar of Gozag.
  1084 | D:2      | 1084 ||| DROPPING +0 whip.
  1456 | D:2      | 1456 ||| Stepping ~*~*~tactically~*~*~ (stealth).
  1568 | D:2      | Reached skill level 4 in Axes
  1568 | D:2      | Reached XP level 4. HP: 17/28 MP: 4/4
  1573 | D:2      | HP: 7/28 [gnoll/+0 spear (3)]
  1575 | D:2      | HP: 1/28 [goblin/+0 club (4)]
  1868 | D:2      | 1868 ||| DROPPING +0 whip of venom.
  2334 | D:2      | 2334 ||| READING scroll labelled VOTIOT EGETZE.
  2382 | D:2      | 2382 ||| READING scroll labelled ZEBRUI KETS.
  2386 | D:2      | 2386 ||| DRINKING 2 purple potions.
  2387 | D:2      | 2387 ||| DRINKING 2 dark potions.
  2388 | D:2      | 2388 ||| DRINKING 2 coppery potions.
  2389 | D:2      | 2389 ||| DROPPING potion of magic.
  2396 | D:3      | Found a transporter.
  2465 | D:3      | 2465 ||| READING scroll of enchant weapon.
  2465 | D:3      | 2465 ||| ENCHANTING +1 war axe.
  2589 | D:3      | 2589 ||| Stepping ~*~*~tactically~*~*~ (stealth).
  2590 | D:3      | 2590 ||| Stepping ~*~*~tactically~*~*~ (stealth).
  2591 | D:3      | 2591 ||| Stepping ~*~*~tactically~*~*~ (stealth).
  2614 | D:3      | Reached XP level 5. HP: 31/32 MP: 5/5
  2687 | D:3      | Found a transporter.
  2690 | D:3      | Noticed qw's ghost (weakling GrFi)
  2920 | D:3      | 2920 ||| Stepping ~*~*~tactically~*~*~ (stealth).
  3165 | D:3      | 3165 ||| READING scroll labelled KUIMNEMUSHRY.
  3197 | D:4      | Reached skill level 5 in Axes
  3224 | D:4      | 3224 ||| Stepping ~*~*~tactically~*~*~ (stealth).
  3339 | D:4      | 3339 ||| Stepping ~*~*~tactically~*~*~ (stealth).
  3342 | D:4      | 3342 ||| Stepping ~*~*~tactically~*~*~ (hiding).
  3370 | D:4      | 3370 ||| Stepping ~*~*~tactically~*~*~ (stealth).
  3371 | D:4      | 3371 ||| Stepping ~*~*~tactically~*~*~ (stealth).
  3390 | D:4      | 3390 ||| READING scroll of enchant weapon.
  3390 | D:4      | 3390 ||| ENCHANTING +2 war axe.
  3473 | D:4      | 3473 ||| Stepping ~*~*~tactically~*~*~ (stealth).
  3481 | D:4      | Noticed Robin
  3493 | D:4      | Killed Robin
  3494 | D:4      | Reached XP level 6. HP: 24/38 MP: 6/6
  3614 | D:4      | 3614 ||| READING scroll of enchant weapon.
  3614 | D:4      | 3614 ||| ENCHANTING +3 war axe.
  3621 | D:4      | Reached skill level 1 in Dodging
  3738 | D:4      | Found a glowing golden altar of the Shining One.
  3765 | D:4      | Found a shadowy altar of Dithmenos.
  3765 | D:4      | Found a broken altar of Ashenzari.
  3876 | D:4      | Noticed a black bear
  3882 | D:4      | Killed a black bear
  3883 | D:4      | Reached skill level 6 in Axes
  3925 | D:4      | 3925 ||| UPGRADING to +0 chain mail.
  3935 | D:4      | 3935 ||| DROPPING +0 scale mail.
  3936 | D:4      | 3936 ||| UPGRADING to +0 helmet.
  3941 | D:4      | 3941 ||| UPGRADING to +0 cloak.
  3946 | D:4      | 3946 ||| DRINKING 3 metallic pink potions.
  3947 | D:4      | 3947 ||| DROPPING 2 potions of flight.
  3979 | D:5      | Entered Level 5 of the Dungeon
  3980 | D:5      | 3980 ||| STAIRDANCE
  4094 | D:5      | 4094 ||| Stepping ~*~*~tactically~*~*~ (hiding).
  4095 | D:5      | 4095 ||| Stepping ~*~*~tactically~*~*~ (hiding).
  4105 | D:5      | HP: 6/38 [gnoll/+0 halberd (7)]
  4106 | D:5      | 4106 ||| READING scroll of teleportation.
  4107 | D:5      | 4107 ||| DRINKING potion of heal wounds.
  4110 | D:5      | Reached XP level 7. HP: 39/43 MP: 7/7
  4152 | D:5      | 4152 ||| Stepping ~*~*~tactically~*~*~ (hiding).
  4165 | D:5      | HP: 10/43 [gnoll/+0 spear[a gnoll bouda] (4)]
  4166 | D:5      | 4166 ||| READING scroll of teleportation.
  4378 | D:5      | 4378 ||| Stepping ~*~*~tactically~*~*~ (stealth).
  4379 | D:5      | 4379 ||| Stepping ~*~*~tactically~*~*~ (stealth).
  4381 | D:5      | 4381 ||| Stepping ~*~*~tactically~*~*~ (hiding).
  4414 | D:5      | 4414 ||| Stepping ~*~*~tactically~*~*~ (stealth).
  4484 | D:5      | 4484 ||| Stepping ~*~*~tactically~*~*~ (stealth).
  4486 | D:5      | 4486 ||| Stepping ~*~*~tactically~*~*~ (stealth).
  4522 | D:5      | 4522 ||| Stepping ~*~*~tactically~*~*~ (stealth).
  4533 | D:5      | HP: 1/43 [ice beast (10)]
  4536 | D:5      | Reached skill level 7 in Axes
  4935 | D:5      | Identified the +11 quarterstaff of Ugivier {vorpal, Will+
                  | Int+6}
  4954 | D:5      | Reached XP level 8. HP: 48/49 MP: 8/8
  4971 | D:5      | 4971 ||| Stepping ~*~*~tactically~*~*~ (stealth).
  4985 | D:5      | 4985 ||| Stepping ~*~*~tactically~*~*~ (hiding).
  5006 | D:5      | 5006 ||| FLEEEEING.
  5279 | D:5      | Found a staircase to the Ecumenical Temple.
  5280 | D:5      | 5280 ||| PLANNING TEMPLE
  5280 | D:5      | 5280 ||| UPGRADING to +6 ring of strength.
  5281 | D:5      | 5281 ||| READING scroll labelled OLIBIV PILEVO.
  5282 | D:5      | 5282 ||| READING scroll labelled TEEFFO QIXOE.
  5283 | D:5      | 5283 ||| READING 2 scrolls of identify.
  5283 | D:5      | 5283 ||| IDENTIFYING smoky green potion
  5285 | D:5      | 5285 ||| FLEEEEING.
  5286 | D:5      | 5286 ||| FLEEEEING.
  5287 | D:5      | 5287 ||| FLEEEEING.
  5288 | D:5      | 5288 ||| FLEEEEING.
  5289 | D:5      | 5289 ||| FLEEEEING.
  5290 | D:5      | 5290 ||| FLEEEEING.
  5297 | D:5      | 5297 ||| STAIRDANCE
  5303 | D:5      | 5303 ||| STAIRDANCE
  5321 | D:5      | 5321 ||| FLEEEEING.
  5323 | D:5      | 5323 ||| FLEEEEING.
  5324 | D:5      | 5324 ||| FLEEEEING.
  5325 | D:5      | 5325 ||| STAIRDANCE
  5332 | D:5      | Reached skill level 8 in Axes
  5332 | D:5      | 5332 ||| STAIRDANCE
  5408 | Temple   | Entered the Ecumenical Temple
  5503 | Temple   | 5503 ||| PLANNING D:1-11
  5518 | Temple   | Became a worshipper of Warmaster Okawaru
  5710 | D:5      | 5710 ||| DROPPING +2 war axe of venom.
  5752 | D:5      | Found a sacrificial altar of Ru.
  6245 | D:5      | 6245 ||| READING 3 scrolls labelled NASIGI POECOEL.
  6246 | D:5      | 6246 ||| DRINKING 2 lumpy coppery potions.
  6246 | D:5      | Gained mutation: You are agile. (Dex +4, Str/Int -1)
                  | [potion of mutation]
  6246 | D:5      | Gained mutation: You have hidden genetic potential. [potion
                  | of mutation]
  6246 | D:5      | Gained mutation: You are robust. (+10% HP) [potion of
                  | mutation]
  6269 | D:5      | 6269 ||| DROPPING 2 scrolls of fear.
  6300 | D:6      | Identified the +1 leather armour "Syim" {SInv}
  6323 | D:6      | 6323 ||| Stepping ~*~*~tactically~*~*~ (hiding).
  6325 | D:6      | 6325 ||| Stepping ~*~*~tactically~*~*~ (hiding).
  6343 | D:6      | 6343 ||| Stepping ~*~*~tactically~*~*~ (stealth).
  6349 | D:6      | 6349 ||| Stepping ~*~*~tactically~*~*~ (hiding).
  6357 | D:6      | Reached skill level 6 in Fighting
  6368 | D:6      | 6368 ||| FLEEEEING.
  6369 | D:6      | 6369 ||| FLEEEEING.
  6370 | D:6      | 6370 ||| FLEEEEING.
  6371 | D:6      | 6371 ||| FLEEEEING.
  6372 | D:6      | 6372 ||| FLEEEEING.
  6378 | D:6      | 6378 ||| FLEEEEING.
  6379 | D:6      | 6379 ||| FLEEEEING.
  6380 | D:6      | 6380 ||| FLEEEEING.
  6381 | D:6      | 6381 ||| FLEEEEING.
  6382 | D:6      | 6382 ||| FLEEEEING.
  6383 | D:6      | 6383 ||| FLEEEEING.
  6384 | D:6      | 6384 ||| FLEEEEING.
  6385 | D:6      | 6385 ||| FLEEEEING.
  6387 | D:6      | 6387 ||| FLEEEEING.
  6388 | D:6      | 6388 ||| FLEEEEING.
  6389 | D:6      | 6389 ||| FLEEEEING.
  6390 | D:6      | 6390 ||| FLEEEEING.
  6400 | D:6      | 6400 ||| FLEEEEING.
  6401 | D:6      | 6401 ||| FLEEEEING.
  6402 | D:6      | 6402 ||| STAIRDANCE
  6491 | D:6      | 6491 ||| Stepping ~*~*~tactically~*~*~ (stealth).
  6492 | D:6      | 6492 ||| Stepping ~*~*~tactically~*~*~ (stealth).
  6504 | D:6      | 6504 ||| Stepping ~*~*~tactically~*~*~ (stealth).
  6751 | D:6      | Reached skill level 1 in Throwing
  6798 | D:6      | Reached * piety under Okawaru
  7162 | D:6      | 7162 ||| DROPPING +0 flail.
  7242 | D:6      | 7242 ||| DROPPING +0 scale mail of fire resistance.
  7243 | D:6      | 7243 ||| UPGRADING to +0 plate armour.
  7253 | D:6      | 7253 ||| DROPPING +0 chain mail.
  7254 | D:6      | 7254 ||| UPGRADING to ring of resist corrosion.
  7255 | D:6      | 7255 ||| READING scroll labelled PEGOUM FEUWKO.
  7256 | D:6      | 7256 ||| READING scroll labelled EMENWA XUBIM.
  7257 | D:6      | 7257 ||| READING 2 scrolls of identify.
  7257 | D:6      | 7257 ||| IDENTIFYING emerald potion
  7323 | D:7      | 7323 ||| Stepping ~*~*~tactically~*~*~ (hiding).
  7328 | D:7      | 7328 ||| INVOKING Heroism.
  7336 | D:7      | Reached XP level 9. HP: 44/60 MP: 6/9
  7360 | D:7      | 7360 ||| FLEEEEING.
  7361 | D:7      | 7361 ||| FLEEEEING.
  7362 | D:7      | 7362 ||| FLEEEEING.
  7363 | D:7      | 7363 ||| FLEEEEING.
  7367 | D:7      | 7367 ||| STAIRDANCE
  7553 | D:7      | 7553 ||| Stepping ~*~*~tactically~*~*~ (stealth).
  7555 | D:7      | 7555 ||| Stepping ~*~*~tactically~*~*~ (stealth).
  7557 | D:7      | 7557 ||| Stepping ~*~*~tactically~*~*~ (stealth).
  7563 | D:7      | 7563 ||| Stepping ~*~*~tactically~*~*~ (stealth).
  7575 | D:7      | Reached skill level 1 in Invocations
  7585 | D:7      | Noticed Maggie
  7586 | D:7      | 7586 ||| Stepping ~*~*~tactically~*~*~ (hiding).
  7599 | D:7      | 7599 ||| INVOKING Heroism.
  7606 | D:7      | Killed Maggie
  7607 | D:7      | Reached skill level 3 in Invocations
  7622 | D:7      | Gained mutation: You are very robust. (+20% HP) [hidden
                  | potential]
  7753 | D:7      | 7753 ||| DROPPING +2 flail of protection.
  7758 | D:7      | 7758 ||| INVOKING Heroism.
  7761 | D:7      | 7761 ||| Stepping ~*~*~tactically~*~*~ (cloud).
  7773 | D:7      | Reached skill level 9 in Axes
  8155 | D:7      | 8155 ||| READING scroll of enchant armour.
  8155 | D:7      | 8155 ||| ENCHANTING +0 helmet.
  8221 | D:7      | Noticed Prince Ribbit
  8225 | D:7      | 8225 ||| INVOKING Heroism.
  8244 | D:7      | Killed Prince Ribbit
  8244 | D:7      | Reached ** piety under Okawaru
  8420 | D:7      | 8420 ||| Stepping ~*~*~tactically~*~*~ (stealth).
  8422 | D:7      | 8422 ||| Stepping ~*~*~tactically~*~*~ (stealth).
  8459 | D:7      | 8459 ||| UPGRADING to +6 ring of dexterity.
  8461 | D:7      | 8461 ||| READING 5 scrolls of identify.
  8461 | D:7      | 8461 ||| IDENTIFYING fizzy grey potion
  8462 | D:7      | 8462 ||| DROPPING potion of degeneration.
  8486 | D:7      | 8486 ||| Stepping ~*~*~tactically~*~*~ (stealth).
  8487 | D:7      | 8487 ||| Stepping ~*~*~tactically~*~*~ (stealth).
  8489 | D:7      | 8489 ||| Stepping ~*~*~tactically~*~*~ (stealth).
  8499 | D:8      | 8499 ||| STAIRDANCE
  8509 | D:8      | 8509 ||| STAIRDANCE
  8564 | D:8      | 8564 ||| INVOKING Heroism.
  8569 | D:8      | Reached skill level 6 in Armour
  8596 | D:8      | 8596 ||| INVOKING Heroism.
  8604 | D:8      | 8604 ||| Stepping ~*~*~tactically~*~*~ (hiding).
  8606 | D:8      | Reached XP level 10. HP: 75/75 MP: 11/13
  8606 | D:8      | 8606 ||| Stepping ~*~*~tactically~*~*~ (hiding).
  8942 | D:8      | Noticed a centaur warrior
  8947 | D:8      | Noticed an eight-headed hydra
  8948 | D:8      | 8948 ||| INVOKING Heroism.
  8950 | D:8      | 8950 ||| SWAPPING to +0 morningstar.
  8953 | D:8      | 8953 ||| Stepping ~*~*~tactically~*~*~ (outnumbered).
  8955 | D:8      | 8955 ||| Stepping ~*~*~tactically~*~*~ (outnumbered).
  8957 | D:8      | HP: 13/75 [eight-headed hydra (7)]
  8957 | D:8      | HP: 2/75 [eight-headed hydra (8)]
  8958 | D:8      | 8958 ||| DRINKING potion of heal wounds.
  8958 | D:8      | Slain by a wight

Levels and vault maps discovered:
D:1:      evilmike_arrival_rings, layout_rooms, serial_bayou_pond_a
D:2:      layout_basic, shapermc_ecumenical_altar_mp_urbaneastern, basic_altar,
          corexii_corridor_pit, kennysheep_nub
D:3:      layout_loops_ring, gammafunk_ghost_mausoleum
D:4:      black_bear_nest_2, layout_rooms, tso_oasis_becter,
          gammafunk_temple_overflow_statue, uniq_robin
D:5:      layout_gridville, lemuel_coloured_pillars_altar, temple_fountains,
          grunt_ministairs_3
D:6:      layout_loops_ring, serial_bayou_pond_d, minmay_misc_feat_chi,
          kennysheep_cluttered_room, nicolae_hexahallways
D:7:      layout_loops_cross, nicolae_overflow_hidden_temple,
          amcnicky_mini_corridor_feature, uniq_maggie, uniq_prince_ribbit1
D:8:      layout_loops_corners, corexii_checkpoint_b, st_stairs_12,
          guppyfry_shop_venom
Temple:   regret_index_temple_waves

Skill      XL: |  1  2  3  4  5  6  7  8  9 |
---------------+----------------------------+-----
Axes           | 2 3 4 5 6 7 8 9 |  9.5
Fighting       | 4 5 6 7 |  7.1
Dodging        | 1 2 |  2.3
Armour         | 4 6 |  6.0
Throwing       | 1 |  1.0
Invocations    | 4 |  4.2
Shields        | 4 |  4.0

Action                   |  1- 3 |  4- 6 |  7- 9 | 10-12 || total
-------------------------+-------+-------+-------+-------++-------
Melee: War axe           |   111 |   156 |   243 |     8 ||   518
       Morningstar       |       |       |       |     5 ||     5
Throw: Boomerang         |       |       |    14 |     9 ||    23
Invok: Heroism           |       |       |     6 |     1 ||     7
  Use: Scroll            |     3 |     7 |    10 |       ||    20
       Potion            |       |     5 |     1 |     1 ||     7
Armor: Scale mail        |    59 |    87 |       |       ||   146
       Chain mail        |       |    10 |    89 |       ||    99
       Plate armour      |       |       |    52 |    26 ||    78
Dodge: Dodged            |    54 |    66 |    87 |    21 ||   228
Block: Buckler           |    23 |    25 |    64 |    18 ||   130

Table legend:
 A = Non-vault XP
 B = Vault XP
 C = Vault XP percentage of total XP
 D = Non-vault monster count
 E = Vault monster count
 F = Vault count percentage of total count
                 A         B        C        D         E       F
            +---------+---------+-------+---------+---------+-------
      Total |    3443 |    1316 |  27.7 |     151 |      26 |  14.7
            +---------+---------+-------+---------+---------+-------
        D:1 |      39 |       0 |   0.0 |      21 |       0 |   0.0
        D:2 |      99 |       0 |   0.0 |      22 |       0 |   0.0
        D:3 |      88 |       0 |   0.0 |      17 |       0 |   0.0
        D:4 |     192 |     172 |  47.3 |      22 |      13 |  37.1
        D:5 |     907 |     128 |  12.4 |      24 |       6 |  20.0
        D:6 |     687 |       0 |   0.0 |      19 |       0 |   0.0
        D:7 |     998 |     686 |  40.7 |      17 |       2 |  10.5
        D:8 |     433 |     330 |  43.3 |       9 |       5 |  35.7
            +---------+---------+-------+---------+---------+-------
